 Dungeon Sprint DCSS version 0.23-a0-54-gae6112e (webtiles) character file.

3 Mgcat the Firebug (level 1, -3/10 HPs)
             Began as a Deep Elf Fire Elementalist on Aug 8, 2018.
             Slain by a hobgoblin
             ... wielding a +0 club
              (4 damage)
             ... in the Dungeon (Sprint IX: "|||||||||||||||||||||||||||||").
             The game lasted 00:00:15 (21 turns).

Mgcat the Firebug (Deep Elf Fire Elementalist)        Turns: 21, Time: 00:00:15

Health: -3/10      AC:  2    Str:  5    XL:     1   Next: 41%
Magic:  0/7        EV: 13    Int: 19    God:
Gold:   0          SH:  0    Dex: 15    Spells: 6/7 levels left

rFire    . . .     SeeInvis .   (no weapon)
rCold    . . .     Gourm    .   (no shield)
rNeg     . . .     Faith    .   a - +0 robe
rPois    .         Spirit   .   (no helmet)
rElec    .         Reflect  .   (no cloak)
rCorr    .         Harm     .   (no gloves)
MR       .....     NoTele   +   (no boots)
Stlth    ++........             (no amulet)
HPRegen  0.03/turn              (no ring)
MPRegen  0.10/turn              (no ring)

@: very slightly contaminated
A: no striking features
a: no special abilities


You were in the Dungeon.
You were not hungry.

You visited 1 branch

Inventory:

Armour
 a - a +0 robe (worn)
Scrolls
 i - a scroll of blinking {!r}
Potions
 d - a potion of curing
 e - a potion of heal wounds
 f - a potion of haste
 g - 2 potions of magic
 h - a potion of berserk rage {!q}
Comestibles
 c - a ration


   Skills:
 - Level 2.4 Dodging
 - Level 2.4 Stealth
 + Level 3.7 Spellcasting
 + Level 2.1 Conjurations
 + Level 3.8 Fire Magic


You had 6 spell levels left.
You knew the following spells:

 Your Spells              Type           Power        Failure   Level  Hunger
a - Flame Tongue          Conj/Fire      ##...        4%          1    None

Your spell library contained the following spells:

 Spells                   Type           Power        Failure   Level  Hunger
 Fireball                 Conj/Fire      ##........   75%         5    ######.
 Conjure Flame            Conj/Fire      ##......     13%         3    ###....
 Throw Flame              Conj/Fire      ##....       6%          2    ##.....
 Sticky Flame             Conj/Fire      ##......     38%         4    ####...
 Inner Flame              Hex/Fire       ##......     19%         3    ###....


Dungeon Overview and Level Annotations

Branches:
Dungeon (1/1)

Altars:


Message History

Welcome, Mgcat the Deep Elf Fire Elementalist.
Press ? for a list of commands and other information.
Found a staircase leading out of the dungeon.
Lua error: attempt to yield across metamethod/C-call boundary Unknown command.
You open the door.
A bat, a rat, 2 goblins and a dart slug come into view.
There is an open door to the Dungeon here.
The helpless dart slug fails to defend itself.
You hit the dart slug but do no damage.
The dart slug bites you but does no damage.
Casting: Flame Tongue (safe; 6% risk of failure)
Confirm with . or Enter, or press ? or * to list all spells.
Aiming: Flame Tongue (safe; 6% risk of failure)
Press: ? - help, Shift-Dir - straight line, f - dart slug
Aim: a dart slug (clinging)
You miscast Flame Tongue.
You are very lightly contaminated with residual magic.
Nothing appears to happen.
The dart slug bites you but does no damage.
Casting: Flame Tongue (safe; 6% risk of failure)
Confirm with . or Enter, or press ? or * to list all spells.
Aiming: Flame Tongue (safe; 6% risk of failure)
Press: ? - help, Shift-Dir - straight line, f/p - dart slug
Aim: a dart slug (clinging)
The flame tongue hits the dart slug.
The dart slug is heavily wounded.
Casting: Flame Tongue (safe; 6% risk of failure)
Confirm with . or Enter, or press ? or * to list all spells.
Aiming: Flame Tongue (safe; 6% risk of failure)
Press: ? - help, Shift-Dir - straight line, f/p - dart slug
Aim: a dart slug (heavily wounded, clinging)
The flame tongue hits the dart slug.
The dart slug is almost dead.
The dart slug bites you.
Casting: Flame Tongue (safe; 6% risk of failure)
Confirm with . or Enter, or press ? or * to list all spells.
Aiming: Flame Tongue (safe; 6% risk of failure)
Press: ? - help, Shift-Dir - straight line, f/p - dart slug
Aim: a dart slug (almost dead, clinging)
The flame tongue hits the dart slug.
You kill the dart slug!
Your Conjurations skill increases to level 2!
You barely miss the rat. The rat bites you but does no damage.
Casting: Flame Tongue (safe; 4% risk of failure)
Confirm with . or Enter, or press ? or * to list all spells.
Aiming: Flame Tongue (safe; 4% risk of failure)
Press: ? - help, Shift-Dir - straight line, f - rat
Aim: a rat The flame tongue hits the rat.
You kill the rat!
The helpless hobgoblin fails to defend itself.
You hit the hobgoblin but do no damage. The hobgoblin closely misses you.
You hit the hobgoblin but do no damage. You closely miss the hobgoblin.
The hobgoblin hits you with a club.
Casting: Flame Tongue (safe; 4% risk of failure)
Confirm with . or Enter, or press ? or * to list all spells.
Aiming: Flame Tongue (safe; 4% risk of failure)
Press: ? - help, Shift-Dir - straight line, f - hobgoblin
Aim: a hobgoblin, wielding a club The flame tongue hits the hobgoblin.
The hobgoblin appears unharmed.
The hobgoblin barely misses you.
Casting: Flame Tongue (safe; 4% risk of failure)
Confirm with . or Enter, or press ? or * to list all spells.
Aiming: Flame Tongue (safe; 4% risk of failure)
Press: ? - help, Shift-Dir - straight line, f/p - hobgoblin
Aim: a hobgoblin, wielding a club The flame tongue hits the hobgoblin.
The hobgoblin is almost dead.
The hobgoblin barely misses you.
You hit the hobgoblin but do no damage.
The hobgoblin is almost dead.
The hobgoblin hits you with a club.
* * * LOW HITPOINT WARNING * * *
You hit the hobgoblin but do no damage.
The hobgoblin is severely wounded.
The hobgoblin hits you with a club.
* * * LOW HITPOINT WARNING * * *
You closely miss the hobgoblin.
The hobgoblin is severely wounded.
The hobgoblin hits you with a club.
You die...

▓▓▓
▓<▓
▓.▓
▓.▓
▓.▓
▓'▓
▓.▓
▓@▓
▓g▓
▓g▓
▓b▓
▓+▓


You could see a hobgoblin, a goblin and a bat.

Vanquished Creatures
  A dart slug (D)
  A rat (D)
2 creatures vanquished.

Notes
Turn   | Place    | Note
-------+----------+-------------------------------------------
     0 | D        | Mgcat the Deep Elf Fire Elementalist began the quest for the Orb.
     0 | D        | Reached XP level 1. HP: 10/10 MP: 6/6
     9 | D        | Reached skill level 2 in Conjurations
    20 | D        | HP: 1/10 [hobgoblin/club (2)]
    21 | D        | Slain by a hobgoblin

Vault maps used:
D:        linesprint

Skill      XL: |  1 |
---------------+----+-----
Conjurations   | 2 |  2.1
Dodging        | |  2.4
Stealth        | |  2.4
Spellcasting   | |  3.7
Fire Magic     | |  3.8

Action                   || total
-------------------------++-------
Melee: Unarmed           ||     8
 Cast: Flame Tongue      ||     6
 Stab: Sleeping          ||     2
Armor: Robe              ||     3
Dodge: Dodged            ||     3

Table legend:
 A = Spawn XP
 B = Non-spawn XP
 C = Spawn XP percentage of total XP
 D = Spawn monster count
 E = Non-spawn monster count
 F = Spawn count percentage of total count
 G = Total turns spent on level
                    A         B        C        D         E        F      G
               +---------+---------+-------+---------+---------+-------+---------
         Total |       0 |       5 |   0.0 |       0 |       2 |   0.0 |    21
               +---------+---------+-------+---------+---------+-------+---------
             D |       0 |       5 |   0.0 |       0 |       2 |   0.0 |    21
               +---------+---------+-------+---------+---------+-------+---------

Vault maps used:
D:        linesprint

Table legend:
 A = Turns spent in this place as a percentage of turns spent in the entire game.
 B = Non-inter-level travel turns spent in this place as a percentage of non-inter-level travel turns spent in the entire game.
 C = Inter-level travel turns spent in this place as a percentage of turns spent in this place.
 D = Turns resting spent in this place as a percentage of non-inter-level travel turns spent in this place.
 E = Turns spent auto-exploring this place as a percentage of non-inter-level travel turns spent in this place.
 F = Non-inter-level travel turns spent in this place divided by the number of levels of this place that you've seen.
                   A       B       C       D       E      F
               +-------+-------+-------+-------+-------+----------------------
         Total | 100.0 | 100.0 |   0.0 |   0.0 |  14.3 |  21.0
       Dungeon | 100.0 | 100.0 |   0.0 |   0.0 |  14.3 |  21.0
               +-------+-------+-------+-------+-------+----------------------

Table legend:
 A = Kills in this place as a percentage of kills in entire the game.
 B = Kills by you in this place as a percentage of kills by you in the entire game.
 C = Kills by friends in this place as a percentage of kills by friends in the entire game.
 D = Other kills in this place as a percentage of other kills in the entire game.
 E = Experience gained in this place as a percentage of experience gained in the entire game.
 F = Experience gained in this place divided by the number of levels of this place that you have seen.
                   A       B       C       D       E      F
               +-------+-------+-------+-------+-------+----------------------
         Total | 100.0 | 100.0 |   N/A |   N/A | 100.0 |   5.0
       Dungeon | 100.0 | 100.0 |   N/A |   N/A | 100.0 |   5.0
               +-------+-------+-------+-------+-------+----------------------
